[Event "*** SCC Grand Prix: Titled Tuesday Blitz"]
[Site "Chess.com"]
[Date "2020.08.04"]
[Round "9"]
[White "effefe"]
[Black "kleopl"]
[Result "1-0"]
[WhiteElo "2191"]
[BlackElo "2443"]
[TimeControl "180+1"]
[EndTime "15:28:55 PDT"]
[Termination "effefe won by resignation"]

1. d4 Nf6 2. c4 g6 3. Nc3 d5 4. cxd5 Nxd5 5. h4 Nxc3 6. bxc3 c5 7. h5 Bg7 8. hxg6 hxg6 9. Rxh8+ Bxh8 10. Nf3 Nc6 11.
e3 Bg4 12. Bc4 e6 13. Qb3 Bxf3 14. gxf3 Rb8 15. Ba3 cxd4 16. cxd4 Qa5+ 17. Kf1 Bf6 18.
Bd6 Rd8 19. Bg3 Rd7 20. Kg2 Qb4 21. Qxb4 Nxb4 22. Bb5 Nc6 23. Rc1 Kd8 24. Bxc6 bxc6 25. Rxc6 Rb7 26. Ra6 Be7 27. Be5 Kc8 28. e4 Bd8 29. d5 exd5 30. exd5 Bb6 31. Ra4 Re7 32. f4 Kb7 33. d6 Rd7 34. Rc4 f6 35. Bxf6 Rxd6 36.
Bh4 Rd2 37. a4 Ra2 38. Kf3 Rd2 39. Bg3 Rd6 40. Kg4 Rf6 41. Kg5 Re6 42. Bh4 Rd6 43. Bg3 Bd8+ 44. Kg4 Ka6 45. f5 gxf5+ 46. Kxf5 Rf6+ 47.
Kg4 Rg6+ 48. Kf3 Ka5 49. Ke2 Bb6 50. Re4 Rc6 51. f4 Rc2+ 52. Kf3 Rc3+ 53. Kg4 Rc1 54.
f5 Rg1 55. Kf3 Rf1+ 56. Kg2 Rxf5 57. Rg4 Bc5 58. Be1+ Ka6 59. Rh4 Bb6 60. Bc3 Rc5 61. Be1 Rc2+ 62. Kf3 Ba5 63. Bxa5 Kxa5 64. Rh7 a6 65. Ke4 Rc4+ 66. Kd3 Rxa4 67. Rh5+ Kb6 68. Kc3 Re4 69. Kb3 Re6 70. Rh7 Re3+ 71. Kb4 Re4+ 72.
Kb3 Re5 73. Rh4 Kb5 74. Ka3 a5 75. Rh3 Rc5 76. Rg3 Rf5 77. Rh3 a4 78. Rg3 Rd5 79.
Rh3 Kc4 80. Kxa4 Rd8 81. Ka3 1-0

[Event "*** SCC Grand Prix: Titled Tuesday Blitz"]
[Site "Chess.com"]
[Date "2020.08.04"]
[Round "9"]
[White "AGW2016"]
[Black "Jenia84"]
[Result "0-1"]
[WhiteElo "2428"]
[BlackElo "2378"]
[TimeControl "180+1"]
[EndTime "15:29:36 PDT"]
[Termination "Jenia84 won by checkmate"]

1. d4 Nf6 2. c4 e6 3. g3 d5 4.
Nf3 Bb4+ 5. Bd2 Bd6 6. Nc3 c6 7. Bg5 Nbd7 8. e4 dxe4 9. Nxe4 Qa5+ 10. Bd2 Bb4 11. Nd6+ Ke7 12. c5 Bxd2+ 13. Nxd2 b6 14. Nxc8+ Raxc8 15. cxb6 axb6 16. Bg2 Rhd8 17. O-O c5 18.
Nb3 Qa4 19. dxc5 Nxc5 20. Nxc5 Qxd1 21. Rfxd1 Rxd1+ 22. Rxd1 Rxc5 23. b4 Rc2 24. a4 Rb2 25. Rd4 Nd5 26. b5 Rb4 27. Rxb4 Nxb4 28. Kf1 Na2 29.
a5 bxa5 30. b6 Kd6 31. Ke2 Nc3+ 32. Kd3 Nd5 33. b7 Kc7 34. Kc4 Kxb7 35. Kb5 Kc7 36. Kxa5 Kd6 37. Kb5 Ke5 38. Kc4 Nf6 39. Kd3 Ng4 40.
f4+ Kf5 41. h3 Nf6 42. Ke3 h5 43. Bf3 e5 44. fxe5 Kxe5 45. Kf2 g6 46. Kg2 Ne4 47. h4 Nd6 48. Be2 Nf5 49. Bc4 Kf6 50. Bd3 Ne3+ 51. Kf3 Ng4 52. Bb1 Ne5+ 53. Kg2 Kg7 54. Ba2 f5 55. Bb1 Kf6 56. Kf2 Ng4+ 57. Kg2 Ke5 58. Kf3 Kd4 59. Ba2 Ne5+ 60. Kg2 Ke3 61. Be6 f4 62.
gxf4 Kxf4 63. Kh3 Nf3 64. Bf7 Ne5 65. Be6 Kf3 66. Bd5+ Kf2 67. Be6 Nd3 68. Bf7 Nf4+ 69. Kh2 Kf3 70. Be8 Kg4 71. Bd7+ Kxh4 72. Kg1 g5 73.
Kh2 g4 74. Kg1 Kg3 75. Bc6 h4 76. Kh1 h3 77. Kg1 Ne2+ 78. Kh1 Nd4 79. Bd5 Nf3 80.
Be4 Nd2 81. Bd5 Kh4 82. Be4 g3 83. Bd5 Nf1 84. Bf3 Ne3 85. Be4 Ng4 86. Ba8 Nf2+ 87. Kg1 h2+ 88. Kf1 h1=Q+ 89. Bxh1 Nxh1 90. Kg2 Nf2 91. Kg1 Kh3 92. Kf1 Kh2 93. Ke2 Ng4 94. Kf3 g2 95. Kxg4 g1=Q+ 96. Kf5 Qd4 97. Ke6 Kg3 98. Ke7 Kf4 99. Ke6 Qe5+ 100. Kf7 Kf5 101. Kg8 Qd6 102. Kf7 Qe6+ 103. Kf8 Qd7 104. Kg8 Kg6 105. Kf8 Qf7# 0-1

[Event "*** SCC Grand Prix: Titled Tuesday Blitz"]
[Site "Chess.com"]
[Date "2020.08.04"]
[Round "9"]
[White "GoltsevDmitry2000"]
[Black "mapleaff"]
[Result "1-0"]
[WhiteElo "2605"]
[BlackElo "2386"]
[TimeControl "180+1"]
[EndTime "15:30:21 PDT"]
[Termination "GoltsevDmitry2000 won by checkmate"]

1. e3 g6 2. c3 Bg7 3. d4 d6 4.
Ne2 Nf6 5. g3 O-O 6. Bg2 Nc6 7.
O-O e5 8. Nd2 Bd7 9. Qb3 Rb8 10.
Ne4 Nxe4 11. Bxe4 Kh8 12. Bd2 f5 13. Bg2 Qe7 14. Rfe1 a6 15. Rad1 Na5 16. Qc2 Nc4 17. Bc1 b5 18. b3 Nb6 19. dxe5 dxe5 20. Bb2 c5 21. Qd2 Rf6 22. Ba3 Bc6 23. f4 Bxg2 24.
Kxg2 Re6 25. fxe5 Rxe5 26. Nf4 Re8 27. Qd6 Qb7+ 28. Kf2 Nc8 29. Qd7 Qe4 30. Rd2 R5e7 31. Qd5 Bxc3 32. Bxc5 Bxd2 33. Qxd2 Rc7 34. Bd4+ Kg8 35.
h4 Rc2 36. Re2 Rxd2 37. Rxd2 Nd6 38. Nd3 Nf7 39. Nc5 Qh1 40. Nd7 Nh6 41. Nf6+ Kf7 42. Nxh7 Ng4+ 43. Ke2 Qg2+ 44. Kd3 Qf1+ 45. Kc3 Rc8+ 46.
Kb4 Qe1 47. Bc3 a5+ 48. Kxb5 Rxc3 49. Ng5+ Ke7 50. Rd5 Qe2+ 51. Kb6 Qxe3+ 52. Kb7 Qc1 53. Rb5 Rc7+ 54. Ka6 Qc6+ 55. Rb6 Qa8+ 56. Kb5 a4 57. b4 Qd5+ 58. Ka6 Qc4+ 59. b5 Qxa2 60. Rxg6 Qf7 61. Nxf7 Kxf7 62. b6 Rc8 63. Rd6 Ra8+ 64. Kb7 Ra5 65. Rd2 a3 66. Ra2 Ne5 67. Kc7 Nc4 68.
b7 Ra7 69. Kb8 Ra5 70. Kc7 Rc5+ 71. Kd7 Rb5 72. Kc6 Rb6+ 73. Kc7 Rb4 74. b8=Q Rxb8 75.
Kxb8 Kg6 76. Kc7 Kh5 77. Kc6 Kg4 78. Kc5 Ne5 79. Rxa3 Nf3 80. Rxf3 Kxf3 81. h5 Kxg3 82. h6 f4 83. h7 f3 84. h8=Q f2 85. Qh1 Kf4 86.
Qf1 Ke3 87. Kc4 Kf3 88. Kd3 Kg3 89. Ke2 Kg4 90. Qxf2 Kh3 91. Qf3+ Kh2 92. Qg4 Kh1 93. Kf2 Kh2 94. Qh4# 1-0

[Event "*** SCC Grand Prix: Titled Tuesday Blitz"]
[Site "Chess.com"]
[Date "2020.08.04"]
[Round "10"]
[White "kuban1991"]
[Black "LyonBeast"]
[Result "1-0"]
[WhiteElo "2807"]
[BlackElo "3020"]
[TimeControl "180+1"]
[EndTime "15:32:46 PDT"]
[Termination "kuban1991 won by resignation"]

1. Nf3 c5 2. g3 g6 3. Bg2 Bg7 4.
O-O Nc6 5. c4 d6 6. Nc3 e5 7.
Ne1 Nge7 8. Nc2 O-O 9. Ne3 f5 10. d3 Be6 11. Ned5 Qd7 12. a3 Rae8 13. Rb1 Bf7 14.
b4 b6 15. Qa4 Nxd5 16. Nxd5 Rd8 17. Qxc6 1-0

[Event "*** SCC Grand Prix: Titled Tuesday Blitz"]
[Site "Chess.com"]
[Date "2020.08.04"]
[Round "10"]
[White "KaterynaLagno"]
[Black "Koalaskakistis"]
[Result "1-0"]
[WhiteElo "2718"]
[BlackElo "2508"]
[TimeControl "180+1"]
[EndTime "15:33:09 PDT"]
[Termination "KaterynaLagno won by checkmate"]

1. e4 e6 2. d4 d5 3. Nd2 Nf6 4. e5 Nfd7 5. Bd3 c5 6. c3 Nc6 7.
Ndf3 Be7 8. Ne2 g5 9. O-O g4 10. Ne1 b6 11. Be3 a5 12. Nf4 h5 13. f3 cxd4 14. cxd4 Nb4 15. fxg4 hxg4 16. Nxe6 fxe6 17. Bg6# 1-0

[Event "*** SCC Grand Prix: Titled Tuesday Blitz"]
[Site "Chess.com"]
[Date "2020.08.04"]
[Round "10"]
[White "Ole83"]
[Black "GoltsevDmitry2000"]
[Result "1-0"]
[WhiteElo "2364"]
[BlackElo "2592"]
[TimeControl "180+1"]
[EndTime "15:33:14 PDT"]
[Termination "Ole83 won by resignation"]

1. Nf3 d5 2. b3 c6 3. Bb2 Nf6 4. e3 Nbd7 5. c4 g6 6. Be2 Bg7 7.
O-O O-O 8. Qc2 Ne4 9. Bxg7 Kxg7 10. Qb2+ Ndf6 11. d3 Nd6 12. Nbd2 Re8 13. Ne5 e6 14. Rae1 Nf5 15. g4 Nh4 16. g5 d4 17. gxf6+ Qxf6 18. f4 dxe3 19. Ne4 Qe7 20. Nxc6+ 1-0

[Event "*** SCC Grand Prix: Titled Tuesday Blitz"]
[Site "Chess.com"]
[Date "2020.08.04"]
[Round "10"]
[White "Sam_ChessMood"]
[Black "BlueWizzard"]
[Result "1-0"]
[WhiteElo "2799"]
[BlackElo "2705"]
[TimeControl "180+1"]
[EndTime "15:33:30 PDT"]
[Termination "Sam_ChessMood won by resignation"]

1. d4 Nf6 2. c4 g6 3. Nc3 d5 4. cxd5 Nxd5 5. e4 Nxc3 6. bxc3 c5 7. Bc4 Qc7 8. d5 Bg7 9. Ne2 O-O 10. O-O Nd7 11. f4 a6 12. a4 b5 13. axb5 Nb6 14. Bd3 c4 15. Bc2 axb5 16. Rxa8 Nxa8 17. h3 Qc5+ 18.
Kh1 e6 19. d6 e5 20. d7 Nb6 21. d8=Q Qe7 1-0

[Event "*** SCC Grand Prix: Titled Tuesday Blitz"]
[Site "Chess.com"]
[Date "2020.08.04"]
[Round "10"]
[White "elohunter1999"]
[Black "Justinz"]
[Result "1-0"]
[WhiteElo "2473"]
[BlackElo "2351"]
[TimeControl "180+1"]
[EndTime "15:34:01 PDT"]
[Termination "elohunter1999 won by resignation"]

1. e4 c5 2. Nf3 d6 3. d4 cxd4 4.
Nxd4 Nf6 5. Nc3 a6 6. h3 e6 7. g4 Nfd7 8. g5 b5 9. a3 Bb7 10. h4 Nc6 11. Be3 Rc8 12. Qd2 Be7 13.
O-O-O Nde5 14. Nxc6 Rxc6 15. f4 Nc4 16. Bxc4 Rxc4 17.
Qd3 Qc7 18. Bd4 e5 19. fxe5 dxe5 20. Bxe5 Qc5 21. Qd7+ Kf8 22. Qxb7 1-0

[Event "*** SCC Grand Prix: Titled Tuesday Blitz"]
[Site "Chess.com"]
[Date "2020.08.04"]
[Round "10"]
[White "Roza_Idrisova"]
[Black "vova-79"]
[Result "0-1"]
[WhiteElo "2240"]
[BlackElo "2437"]
[TimeControl "180+1"]
[EndTime "15:34:15 PDT"]
[Termination "vova-79 won by resignation"]

1. d4 d5 2. Nf3 Nf6 3. Bg5 Ne4 4.
Bf4 c5 5. c3 Qb6 6. Qb3 c4 7.
Qxb6 axb6 8. Nbd2 Nf6 9. e3 Nc6 10. a3 Bf5 11. Be2 h6 12. h3 e6 13. O-O Be7 14.
Rfe1 O-O 15. Bf1 b5 16. Rac1 Rfe8 17. e4 Nxe4 18. Nxe4 Bxe4 19. Nd2 Bf5 20. f3 Nb8 21. g4 Bg6 22. Bg2 Nd7 23. Nf1 Nb6 24. Kf2 Na4 25. Re2 Bd3 26. Rd2 Nxb2 27. Rxb2 Bxa3 28. Rxb5 Bxc1 29. Bxc1 Ra2+ 30. Ke1 Rxg2 31. Rxb7 Rg1 0-1

[Event "*** SCC Grand Prix: Titled Tuesday Blitz"]
[Site "Chess.com"]
[Date "2020.08.04"]
[Round "10"]
[White "DaggiGretarsson"]
[Black "Bodnar_Mykola"]
[Result "1-0"]
[WhiteElo "2613"]
[BlackElo "2472"]
[TimeControl "180+1"]
[EndTime "15:34:30 PDT"]
[Termination "DaggiGretarsson won by resignation"]

1. d4 Nf6 2. c4 e6 3. Nc3 d5 4. Bf4 Be7 5. e3 O-O 6. Qc2 c5 7. dxc5 Bxc5 8. a3 a5 9. Rd1 Nc6 10. Nf3 Ba7 11. Nb5 Bb6 12. c5 Ba7 13. Bc7 Qd7 14.
Bd6 Rd8 15. Nc7 Rb8 16. Bb5 b6 17. Ne5 Nxe5 18. Bxd7 Nfxd7 19. Nb5 bxc5 20. Nxa7 Rb7 1-0

[Event "*** SCC Grand Prix: Titled Tuesday Blitz"]
[Site "Chess.com"]
[Date "2020.08.04"]
[Round "10"]
[White "dosto07"]
[Black "AGW2016"]
[Result "1/2-1/2"]
[WhiteElo "2297"]
[BlackElo "2425"]
[TimeControl "180+1"]
[EndTime "15:35:28 PDT"]
[Termination "Game drawn by repetition"]

1. e4 c5 2. Nf3 d6 3. Bb5+ Bd7 4.
Bxd7+ Qxd7 5. O-O Nf6 6. Re1 Nc6 7. c3 e6 8. d4 cxd4 9. cxd4 Be7 10. Nc3 O-O 11. e5 Nd5 12. Nxd5 exd5 13. Bf4 dxe5 14. Nxe5 Nxe5 15. Bxe5 Bd6 16. Qd2 Bxe5 17. Rxe5 Rfe8 18. Rae1 f6 19. R5e2 Rxe2 20. Rxe2 Re8 21. h3 Rxe2 22. Qxe2 Kf7 23. Qh5+ Kg8 24. h4 g6 25. Qf3 Kf7 26.
g3 h5 27. Qe3 Qe6 28. Qb3 Qe1+ 29. Kg2 Qe4+ 30. Kg1 Qe1+ 31. Kg2 Qe4+ 32. Kh2 Qxd4 33. Qxb7+ Kg8 34. Kg1 Qc5 35. b4 Qc4 36. Qxa7 d4 37. b5 d3 38. Qd7 Qc1+ 39. Kg2 d2 40. Qe8+ Kh7 41. Qf7+ Kh6 42. Qf8+ Kh7 43. Qf7+ Kh6 44. Qf8+ Kh7 45. Qf7+ 1/2-1/2

[Event "*** SCC Grand Prix: Titled Tuesday Blitz"]
[Site "Chess.com"]
[Date "2020.08.04"]
[Round "10"]
[White "ketster"]
[Black "MVM2008"]
[Result "1-0"]
[WhiteElo "2393"]
[BlackElo "2238"]
[TimeControl "180+1"]
[EndTime "15:35:37 PDT"]
[Termination "ketster won by resignation"]

1. d4 Nf6 2. c4 g6 3. Nc3 Bg7 4. e4 d6 5. Nf3 O-O 6. h3 e5 7. d5 Nbd7 8. Be3 Nh5 9. g3 f5 10.
exf5 gxf5 11. Nh4 f4 12. Qxh5 fxe3 13. fxe3 Nf6 14. Qe2 c6 15. Bg2 cxd5 16. Nxd5 Be6 17. O-O Rc8 18. Rac1 b5 19. Nf5 bxc4 20. Nde7+ Kh8 21.
Nxc8 Qxc8 22. Nxg7 Kxg7 23. Kh2 d5 24. b3 c3 25. Qd3 Qd8 26. Qxc3 d4 27. exd4 exd4 28. Qc7+ Qxc7 29. Rxc7+ Bd7 30. Rxf6 1-0

[Event "*** SCC Grand Prix: Titled Tuesday Blitz"]
[Site "Chess.com"]
[Date "2020.08.04"]
[Round "10"]
[White "Chesswizard_2007"]
[Black "1977Ivan"]
[Result "0-1"]
[WhiteElo "2502"]
[BlackElo "2682"]
[TimeControl "180+1"]
[EndTime "15:35:40 PDT"]
[Termination "1977Ivan won by checkmate"]

1. d4 Nf6 2. c4 Nc6 3. Nf3 e6 4. Nc3 Bb4 5. Qc2 d6 6. a3 Bxc3+ 7.
Qxc3 O-O 8. g3 e5 9. Bg2 e4 10.
Nd2 Bf5 11. Nf1 d5 12. Bg5 dxc4 13. Rd1 h6 14. Bxf6 Qxf6 15. Ne3 Bg6 16. Nxc4 Rad8 17. e3 Rfe8 18. O-O Bh5 19. Rd2 Bf3 20. Na5 Bxg2 21. Kxg2 Qf3+ 22. Kg1 Rd6 23. Nxb7 Rg6 24. d5 Ne5 25. Qxc7 Qh5 26. Kg2 Nf3 27. h3 Nxd2 28.
d6 Qf3+ 29. Kg1 Rxg3+ 30. fxg3 Qxf1+ 31. Kh2 Nf3# 0-1

[Event "*** SCC Grand Prix: Titled Tuesday Blitz"]
[Site "Chess.com"]
[Date "2020.08.04"]
[Round "10"]
[White "ajdemipopushi"]
[Black "coocloo"]
[Result "1-0"]
[WhiteElo "2255"]
[BlackElo "2010"]
[TimeControl "180+1"]
[EndTime "15:35:44 PDT"]
[Termination "ajdemipopushi won by resignation"]

1. Nf3 d5 2. g3 Nf6 3. c4 e6 4. Bg2 Be7 5. O-O O-O 6. d4 c6 7. b3 b6 8. Qc2 Bb7 9. Nc3 Nbd7 10. Rd1 c5 11. dxc5 bxc5 12. cxd5 exd5 13. Ng5 h6 14. Nh3 Nb6 15. Nf4 Qd6 16. Bb2 Qd7 17. Ncxd5 Nbxd5 18. Nxd5 Bxd5 19. e4 Bxe4 20. Bxe4 Qb5 21. Bxa8 Rxa8 22.
Rac1 Rc8 23. Qf5 Qe2 24. Qxc8+ 1-0

[Event "*** SCC Grand Prix: Titled Tuesday Blitz"]
[Site "Chess.com"]
[Date "2020.08.04"]
[Round "10"]
[White "goldenpuppy"]
[Black "ahachess"]
[Result "1-0"]
[WhiteElo "2430"]
[BlackElo "2286"]
[TimeControl "180+1"]
[EndTime "15:36:01 PDT"]
[Termination "goldenpuppy won on time"]

1. e4 c5 2. Nf3 d6 3. d4 cxd4 4. Nxd4 Nf6 5. Nc3 a6 6. Be3 g6 7. f3 Bg7 8. h4 h5 9. Be2 Nbd7 10. Qd2 b5 11. a3 Bb7 12. O-O-O Rc8 13. Kb1 Qc7 14.
Na2 Ne5 15. Nb3 Nc4 16. Bxc4 Qxc4 17. Na5 Qc7 18. Nxb7 Qxb7 19. Bd4 Rc4 20. g4 Nxe4 21. fxe4 Rxd4 22. Qg5 Rxd1+ 23. Rxd1 Qxe4 24. gxh5 Rxh5 25.
Qg1 Rc5 26. Nb4 a5 27. Nd3 Rc8 28. h5 1-0

[Event "*** SCC Grand Prix: Titled Tuesday Blitz"]
[Site "Chess.com"]
[Date "2020.08.04"]
[Round "10"]
[White "guillembaches"]
[Black "YIYUKI"]
[Result "1/2-1/2"]
[WhiteElo "2409"]
[BlackElo "2295"]
[TimeControl "180+1"]
[EndTime "15:36:03 PDT"]
[Termination "Game drawn by repetition"]

1. e4 e5 2. Nf3 Nc6 3. Nc3 Nf6 4. d4 exd4 5. Nxd4 Bc5 6. Be3 Bb6 7. Qd2 O-O 8. O-O-O Re8 9. f3 d6 10. Bc4 Nxd4 11.
Bxd4 Bxd4 12. Qxd4 Be6 13. Nd5 Bxd5 14. Bxd5 Nxd5 15.
Qxd5 Qf6 16. Kb1 Rad8 17. b3 c6 18. Qd4 Qg5 19. Rd2 d5 20. Rhd1 h6 21. Qxa7 dxe4 22. Rxd8 Rxd8 23. Rxd8+ Qxd8 24. fxe4 Qe7 25. Qb8+ Kh7 26.
e5 Qd7 27. Qd6 Qg4 28. Qd3+ g6 29. Qf3 Qe6 30. a4 Kg7 31. Qf4 Qd5 32. g3 h5 33.
h4 b6 34. Kb2 c5 35. Kb1 Qd1+ 36. Kb2 Qd5 37. Kb1 Qd1+ 38. Kb2 Qd5 1/2-1/2

[Event "*** SCC Grand Prix: Titled Tuesday Blitz"]
[Site "Chess.com"]
[Date "2020.08.04"]
[Round "10"]
[White "keepitcool9499"]
[Black "VerdeNotte"]
[Result "0-1"]
[WhiteElo "2657"]
[BlackElo "2854"]
[TimeControl "180+1"]
[EndTime "15:36:25 PDT"]
[Termination "VerdeNotte won by checkmate"]

1. d4 Nf6 2. c4 e6 3. Nc3 Bb4 4. Bd2 O-O 5. Nf3 c5 6. a3 Bxc3 7. Bxc3 d6 8. dxc5 dxc5 9. Qxd8 Rxd8 10. Bxf6 gxf6 11. Rd1 Rxd1+ 12. Kxd1 b6 13. g3 Bb7 14. Bg2 Nc6 15. e3 Na5 16. Kc2 Nxc4 17. Rd1 Kf8 18. Rd7 Rb8 19. Nh4 Bxg2 20. Nxg2 a5 21. Nf4 Ke8 22.
Rc7 Ne5 23. h3 Kd8 24. Ra7 Nd7 25. Ne2 Kc8 26. Nc3 Rb7 27. Ra8+ Nb8 28. Nb5 Rd7 29. Ra7 Rxa7 30. Nxa7+ Kb7 31. Nb5 Kc6 32. Nc3 b5 33. Ne4 Nd7 34. f4 c4 35. g4 b4 36. axb4 axb4 37. Nd2 Kd5 38. h4 Nc5 39. g5 b3+ 40. Kc3 Na4+ 41. Kb4 Nxb2 42. h5 fxg5 43. fxg5 Nd1 44.
Nxc4 b2 45. Nxb2 Nxb2 46. Kc3 Ke4 47. Kxb2 Kxe3 48. Kc3 e5 49. Kc4 e4 50. Kd5 Kd3 51.
Ke5 e3 52. Kf6 e2 53. Kxf7 e1=Q 54. g6 Qe5 55. gxh7 Qh8 56. Kg6 Ke4 57. Kh6 Qf6# 0-1

[Event "*** SCC Grand Prix: Titled Tuesday Blitz"]
[Site "Chess.com"]
[Date "2020.08.04"]
[Round "10"]
[White "StoreySniper"]
[Black "j_coca"]
[Result "1-0"]
[WhiteElo "2440"]
[BlackElo "2302"]
[TimeControl "180+1"]
[EndTime "15:36:26 PDT"]
[Termination "StoreySniper won by resignation"]

1. e4 Nf6 2. e5 Nd5 3. d4 d6 4. c4 Nb6 5. f4 dxe5 6. fxe5 Nc6 7. Be3 g6 8. Nc3 Bg7 9. Be2 O-O 10. Qd2 Bf5 11. Nf3 f6 12. exf6 Bxf6 13. O-O e5 14. d5 Na5 15. b3 c6 16. d6 Rf7 17. c5 Nd5 18. Nxd5 cxd5 19. Qxd5 e4 20. Nd4 Nc6 21. Nxf5 gxf5 22. Rxf5 Bxa1 23. Qxf7+ Kh8 24. Rh5 Qg8 25. Qxg8+ Rxg8 26. Rh4 Re8 27. Bb5 a6 28. Bxc6 bxc6 29. Kf2 Kg7 30. Ke2 Kg6 31. Rh6+ Kg7 32. Rh5 Kg6 33. g4 a5 34. h4 Rb8 35. Rh6+ Kg7 36. Bg5 a4 37. d7 axb3 38. axb3 Bd4 39. Rd6 Bxc5 40. d8=Q 1-0

[Event "*** SCC Grand Prix: Titled Tuesday Blitz"]
[Site "Chess.com"]
[Date "2020.08.04"]
[Round "10"]
[White "1f3_2g41-0"]
[Black "KyrgyzFighter"]
[Result "0-1"]
[WhiteElo "2415"]
[BlackElo "2330"]
[TimeControl "180+1"]
[EndTime "15:36:30 PDT"]
[Termination "KyrgyzFighter won by resignation"]

1. e4 d6 2. d4 Nf6 3. Nc3 e5 4. dxe5 dxe5 5. Qxd8+ Kxd8 6. Nf3 Bd6 7. Bc4 Ke7 8. O-O Bg4 9. Ng5 Rf8 10. h3 Bh5 11. g4 Bg6 12. Re1 Nc6 13. Nd5+ Nxd5 14. Bxd5 Nd4 15. c3 Nc2 16. Bd2 Nxa1 17. Rxa1 c6 18. Bb3 Rad8 19. Be3 h6 20. Nf3 Bxe4 21. Nd2 Bd3 22.
Bxa7 c5 23. Bb6 Rc8 24. Bd5 Ba6 25. Re1 f5 26. c4 fxg4 27. hxg4 Rf4 28. f3 h5 29. Re4 Rcf8 30. gxh5 R8f5 31. Rxf4 exf4 32. Ne4 Rxh5 33. Nxc5 Bxc4 34. Bxc4 Bxc5+ 35. Bxc5+ Rxc5 36. b3 b5 37. Bd3 b4 38. Bc4 Ra5 39. Kg2 Rxa2+ 40.
Kh3 Kf6 41. Kg4 Ke5 42. Kh5 Rh2+ 43. Kg6 Rf2 44. Kxg7 Rxf3 45. Kf7 Rc3 0-1

[Event "*** SCC Grand Prix: Titled Tuesday Blitz"]
[Site "Chess.com"]
[Date "2020.08.04"]
[Round "10"]
[White "rududuyk"]
[Black "davigator"]
[Result "1/2-1/2"]
[WhiteElo "2102"]
[BlackElo "2277"]
[TimeControl "180+1"]
[EndTime "15:36:30 PDT"]
[Termination "Game drawn by repetition"]

1. e4 c5 2. Nc3 Nc6 3. f4 g6 4. Nf3 Bg7 5. Bc4 Nh6 6. O-O O-O 7. d3 d6 8. Qe1 Bg4 9. Ng5 Nd4 10. Qf2 Bd7 11. a4 Ng4 12. Qh4 h6 13. Nxf7 Rxf7 14. f5 gxf5 15. Bxf7+ Kxf7 16. Qxg4 Nxc2 17. Qh5+ Kg8 18.
Bxh6 Qf8 19. Bxg7 Qxg7 20. Rac1 Nd4 21. exf5 Rf8 22. Ne4 Bxf5 23. Rf4 e5 24. Rh4 Bg6 25. Qg4 Rf4 26. Qc8+ Rf8 27. Qg4 Rf4 28. Qc8+ Rf8 29.
Qg4 1/2-1/2

[Event "*** SCC Grand Prix: Titled Tuesday Blitz"]
[Site "Chess.com"]
[Date "2020.08.04"]
[Round "10"]
[White "afgano29"]
[Black "maxip32"]
[Result "0-1"]
[WhiteElo "2624"]
[BlackElo "2491"]
[TimeControl "180+1"]
[EndTime "15:36:40 PDT"]
[Termination "maxip32 won by checkmate"]

1. d4 Nf6 2. c4 g6 3. Nc3 Bg7 4. Nf3 O-O 5. e4 d6 6. Be2 e5 7. O-O Nc6 8. d5 Ne7 9. Nd2 Ne8 10. b4 f5 11. c5 Nf6 12. f3 Rf7 13. Nc4 f4 14. Bd2 g5 15. Be1 Ng6 16. Bf2 Bf8 17. cxd6 cxd6 18. Rc1 h5 19. h3 Bd7 20. a4 Rg7 21.
Nb5 g4 22. fxg4 hxg4 23. hxg4 Nxe4 24. Bxa7 Bxb5 25. Bb6 Qh4 26. axb5 Ng3 27. Bd3 e4 28. Bb1 e3 29. Nxe3 fxe3 30. Bxe3 Re8 31. Qf3 Ne5 32.
Qf6 Ne2# 0-1

[Event "*** SCC Grand Prix: Titled Tuesday Blitz"]
[Site "Chess.com"]
[Date "2020.08.04"]
[Round "10"]
[White "Vladislav_Chizhikov"]
[Black "ellatambien"]
[Result "1-0"]
[WhiteElo "2445"]
[BlackElo "2326"]
[TimeControl "180+1"]
[EndTime "15:36:44 PDT"]
[Termination "Vladislav_Chizhikov won on time"]

1. e4 e5 2. Nf3 Nc6 3. Bc4 Nf6 4. O-O Nxe4 5. Nc3 Nxc3 6. dxc3 Be7 7. Qd5 O-O 8. Nxe5 Nxe5 9. Qxe5 c6 10. Qg3 d5 11.
Bd3 Bh4 12. Qf3 Bf6 13. Bf4 Re8 14. Rfe1 Bd7 15. Qg3 Qb6 16. b3 Bxc3 17. Bxh7+ Kxh7 18. Qxc3 Bf5 19. a4 d4 20. Qd2 Qc5 21. Rac1 Rxe1+ 22. Rxe1 Bxc2 23. b4 Qc3 24. a5 Qxd2 25. Bxd2 b6 26. Re7 bxa5 27. bxa5 Rc8 28. Rxa7 c5 29. Rd7 f6 30. a6 Be4 31. a7 Ba8 32. f4 Kg6 33. g4 1-0

[Event "*** SCC Grand Prix: Titled Tuesday Blitz"]
[Site "Chess.com"]
[Date "2020.08.04"]
[Round "10"]
[White "Fortitudine"]
[Black "Caterpiller35"]
[Result "0-1"]
[WhiteElo "2264"]
[BlackElo "2379"]
[TimeControl "180+1"]
[EndTime "15:36:50 PDT"]
[Termination "Caterpiller35 won by checkmate"]

1. c4 e5 2. g3 Nf6 3. Bg2 d5 4. cxd5 Nxd5 5. Nc3 Nb6 6. d3 Nc6 7. Be3 Be7 8. Nf3 Be6 9. O-O f5 10. a3 g5 11. Na4 g4 12. Nd2 h5 13. Nc5 Bxc5 14. Bxc5 h4 15. Nc4 Qg5 16. f4 gxf3 17. Rxf3 O-O-O 18. Nxb6+ axb6 19. Be3 Qh5 20. Qa4 hxg3 21.
hxg3 f4 22. gxf4 Rdg8 23. f5 Qh1+ 24. Kf2 Rxg2# 0-1

[Event "*** SCC Grand Prix: Titled Tuesday Blitz"]
[Site "Chess.com"]
[Date "2020.08.04"]
[Round "10"]
[White "AbigailCabezas"]
[Black "cukin84"]
[Result "0-1"]
[WhiteElo "1385"]
[BlackElo "2166"]
[TimeControl "180+1"]
[EndTime "15:36:51 PDT"]
[Termination "cukin84 won by checkmate"]

1. e4 c6 2. Nf3 d5 3. e5 Bg4 4. d4 e6 5. Nbd2 c5 6. c3 Nc6 7.
h3 Bh5 8. Bb5 a6 9. Bxc6+ bxc6 10. O-O Nh6 11. Qc2 Bg6 12. Qa4 Qd7 13. Nb3 Bd3 14.
Rd1 Bb5 15. Qa3 c4 16. Nc5 Qa7 17. Bxh6 gxh6 18. b4 cxb3 19. axb3 Be2 20. Rd2 Bxf3 21. gxf3 Bxc5 22. dxc5 Rg8+ 23. Kf1 Qb7 24. b4 Qb5+ 25. Re2 Rg5 26. Qa5 Qc4 27. Qc7 Rd8 28. Qxc6+ Kf8 29. Qc7 Re8 30. Qd6+ Kg7 31. Re1 Qh4 32. Re3 Qc4+ 33.
R1e2 Rg8 34. Ke1 Rg1+ 35. Kd2 Qa2+ 36. Kd3 Rd1+ 37. Rd2 Qxd2# 0-1

[Event "*** SCC Grand Prix: Titled Tuesday Blitz"]
[Site "Chess.com"]
[Date "2020.08.04"]
[Round "10"]
[White "mortngabriel"]
[Black "Ural_bogatyr"]
[Result "1-0"]
[WhiteElo "2433"]
[BlackElo "2370"]
[TimeControl "180+1"]
[EndTime "15:36:54 PDT"]
[Termination "mortngabriel won by resignation"]

1. d4 Nf6 2. c4 g6 3. Nc3 Bg7 4. e4 O-O 5. h3 d6 6. Be3 c6 7.
g4 Na6 8. Nge2 Nc7 9. Ng3 Rb8 10. g5 Nd7 11. h4 b5 12. cxb5 cxb5 13. b4 d5 14. e5 Nb6 15. Nxb5 Nxb5 16. Bxb5 Nc4 17. Bxc4 dxc4 18. Rc1 Qd5 19. h5 Rxb4 20. Qe2 Bf5 21.
Nxf5 Qxh1+ 22. Kd2 Rb2+ 23. Kc3 Qb7 24. Qxb2 Qxb2+ 25. Kxb2 gxf5 26. Rxc4 f6 27. gxf6 exf6 28. e6 Rd8 29.
Rc7 f4 30. Bxf4 Rxd4 31. Rc8+ 1-0

[Event "*** SCC Grand Prix: Titled Tuesday Blitz"]
[Site "Chess.com"]
[Date "2020.08.04"]
[Round "10"]
[White "Anton_Demchenko"]
[Black "BeanScreen"]
[Result "1-0"]
[WhiteElo "2823"]
[BlackElo "2708"]
[TimeControl "180+1"]
[EndTime "15:36:59 PDT"]
[Termination "Anton_Demchenko won on time"]

1. e4 e5 2. Nf3 Nc6 3. Nc3 Nf6 4. d4 exd4 5. Nxd4 Bb4 6. Nxc6 bxc6 7. Bd3 d5 8. exd5 O-O 9. O-O cxd5 10. h3 h6 11. Qf3 Be6 12. Bf4 Rb8 13. Nb5 Rb7 14. a3 Be7 15. b4 Qd7 16. Nd4 c5 17. bxc5 Bxc5 18. Nb3 Bd6 19. Bxh6 Be5 20. Rae1 Bc3 21. Nc5 Qe7 22.
Nxb7 gxh6 23. Rb1 Kh8 24. Qf4 Kg7 25. Qg3+ Kh8 26. Qd6 Qe8 27. Nc5 Rg8 28. Nxe6 fxe6 29. Rb7 Qh5 30. Qxe6 Rf8 31. Qe7 1-0